cohdb
Replays
Latest Replays
All Replays
Popular Replays
Top Player Replays
Match Explorer
How It Works
Community
CoH3 Stats
Reddit
Sign in to upload your games and track your stats! →
Sign in with Steam
Match 43042910
Unlisted
Match 43042910
Overview
Messages
Build Orders
End
Construct Section Command Post
Vickers Machine Gun Team
Selects Canadian Shock Battlegroup
Dingo Light Scout Car
Infantry Section
Construct Platoon Command Post
Selects Offensive Resupply
Selects Canadian Shock Section
Humber Armored Car
Canadian Shock Section
Selects Incendiary Munitions
Canadian Shock Section
CMP 15cwt Truck
6-pounder Anti-tank Gun Team
Construct Company Command Post
Selects Smoke Operation
Infantry Training
Crusader II Medium Tank
Crusader II Medium Tank
Crusader II Medium Tank
Selects Smoke Operation
Selects Pyrotechnics
Unlock Towed 17-pounder Anti-tank Guns
Crusader II Medium Tank
晨曦朝露
admiral_gnar
goat_rodeo
Helmi
Dasein
PyRadoX
m_mas_93
Chiabex
0
0
Comments
sign in to comment!
No comments posted yet!